 Dungeon Crawl Stone Soup version 0.30-a0-634-g8abc85282e (webtiles) character file.

Game seed: 15162231828068796098

25 kingofthe the Magician (level 2, 0/15 HPs)
             Began as a Deep Elf Hedge Wizard on Jan 14, 2023.
             Slain by a jackal (1 damage)
             ... on level 1 of the Dungeon.
             The game lasted 00:05:46 (951 turns).

kingofthe the Magician (Deep Elf Hedge Wizard)       Turns: 951, Time: 00:05:47

Health: 0/15       AC:  2    Str:  7    XL:     2   Next: 82%
Magic:  3/10       EV: 12    Int: 18    God:
Gold:   15         SH:  0    Dex: 14    Spells: 8/11 levels left

rFire   . . .      SeeInvis .    a - +0 dagger
rCold   . . .      Faith    .    (no shield)
rNeg    . . .      Spirit   .    b - +0 robe
rPois   .          Reflect  .    c - +0 hat
rElec   .          Harm     .    (no cloak)
rCorr   .          Rampage  .    (no gloves)
Will    .....                    (no boots)
Stlth   ++                       (no amulet)
HPRegen 0.22/turn                (no ring)
MPRegen 0.12/turn                (no ring)

@: no status effects
A: no striking features
a: no special abilities


You were on level 1 of the Dungeon.
You visited 1 branch of the dungeon, and saw 1 of its levels.

You collected 15 gold pieces.

Inventory:

Hand Weapons
 a - a +0 dagger (weapon)
Armour
 b - a +0 robe (worn)
 c - a +0 hat (worn)
Scrolls
 g - a scroll of torment {unknown}
 h - 2 scrolls of fog {unknown}
 j - a scroll of teleportation {unknown}
Potions
 d - a potion of magic
 e - a potion of brilliance {unknown}
 f - a potion of heal wounds {unknown}
 i - a potion of berserk rage {unknown}
 k - a potion of curing {unknown}


   Skills:
 * Level 2.8 Dodging
 + Level 2.7 Stealth
 + Level 5.3 Spellcasting
 + Level 1.1 Conjurations
 - Level 1.1 Summonings
 - Level 1.1 Translocations


You had 8 spell levels left.
You knew the following spells:

 Your Spells              Type           Power      Damage    Failure   Level
a - Magic Dart            Conj           36%        1d4       8%          1
b - Blink                 Tloc           16%        N/A       12%         2

Your spell library contained the following spells:

 Spells                   Type           Power      Damage    Failure   Level
 Call Imp                 Summ           8%         N/A       12%         2
 Slow                     Hex            16%        N/A       13%         1
 Cigotuvi's Dreadful Rot  Necr/Pois/Air  8%         N/A       19%         2
 Mephitic Cloud           Conj/Pois/Air  6%         N/A       32%         3


Dungeon Overview and Level Annotations

Branches:
Dungeon (1/15)

Altars:

Shops:
D:1 =[?


Message History

You don't have enough magic to cast this spell.
Unknown command.
The jackal misses you. The jackal attacks as you move away!
The jackal barely misses you. The jackal bites you.
Your magical contamination has completely faded away.
The jackal misses you. The jackal misses you.
The jackal attacks as you move away! The jackal bites you.
Casting: Magic Dart (safe; 8% risk of failure)
Confirm with . or Enter, or press ? or * to list all spells.
Aiming: Magic Dart (safe; 8% risk of failure)
Press: ? - help, Shift-Dir - straight line, f - jackal
Aim: a jackal (100% to hit)
The magic dart hits the jackal but does no damage.
The jackal barely misses you. The jackal bites you.
The jackal attacks as you move away!
The jackal bites you but does no damage.
The jackal bites you. The jackal closely misses you.
The jackal barely misses you. The jackal attacks as you move away!
The jackal bites you but does no damage.
The jackal bites you but does no damage.
The jackal attacks as you move away! The jackal closely misses you.
The jackal bites you. The jackal barely misses you.
The jackal completely misses you. The jackal bites you.
The jackal pauses to sniff the ground.
There is a stone staircase leading down here.
The jackal bites you.
* * * LOW HITPOINT WARNING * * *
The jackal attacks as you move away! The jackal misses you.
The jackal attacks as you move away! The jackal bites you.
* * * LOW HITPOINT WARNING * * *
The jackal bites you.
* * * LOW HITPOINT WARNING * * *
The jackal bites you.
You die...

#
#.........###.#+#......#
#
#........⌠.⌠#.'∩'.######
# #.........∩.#.#+###
#######..⌠.⌠....####
####.#.......#
#.........# ###.......#
##..##### #.@## #..h####
###....######
##..>.....# ########.#
#.# #.# #.#######
#........


You could see a jackal.

Vanquished Creatures
  A dart slug (D:1)
  2 ball pythons (D:1)
  3 bats (D:1)
  An endoplasm (D:1)
  A hobgoblin (D:1)
  2 jackals (D:1)
  3 kobolds (D:1)
  2 quokkas (D:1)
  2 frilled lizards (D:1)
  A goblin (D:1)
  2 rats (D:1)
20 creatures vanquished.

Notes
Turn   | Place    | Note
-------+----------+-------------------------------------------
     0 | D:1      | kingofthe the Deep Elf Hedge Wizard began the quest for the
                  | Orb.
     0 | D:1      | Reached XP level 1. HP: 10/10 MP: 7/7
   154 | D:1      | Found Wokukk's Antique Armour Emporium.
   251 | D:1      | Reached XP level 2. HP: 14/15 MP: 5/9
   310 | D:1      | Reached skill level 5 in Spellcasting
   562 | D:1      | Learned a level 2 spell: Blink
   634 | D:1      | Found Wuzugeyno's Jewellery Shoppe.
   703 | D:1      | Found Getased's Magic Scroll Emporium.
   951 | D:1      | Slain by a jackal

Illustrated notes

Levels and vault maps discovered:
D:1:      dpeg_arrival_tiny_a, layout_basic, serial_shops, shop_statue,
          shop_statue, shop_fountains, nicolae_shop_behind_doors,
          minmay_hedge_maze, minmay_misc_feat_roman

Skill      XL: |  1  2 |
---------------+-------+-----
Spellcasting   | 5 |  5.3
Dodging        | |  2.8
Stealth        | |  2.7
Conjurations   | |  1.1
Summonings     | |  1.1
Translocations | |  1.1

Action                   || total
-------------------------++-------
 Cast: Magic Dart        ||    59
Armor: Robe              ||     6
Dodge: Dodged            ||    21

Table legend: (Time is in decaauts)
 A = Elapsed time spent in this place.
 B = Non-inter-level travel time spent in this place.
 C = Inter-level travel time spent in this place.
 D = Time resting spent in this place.
 E = Time spent auto-exploring this place.
 F = Levels seen in this place.
 G = Mean time per level.
                   A        B        C        D        E       F      G
               +--------+--------+--------+--------+--------+-----+--------+
         Total |    951 |    951 |      0 |      0 |    809 |   1 |  951.0 |
       Dungeon |    951 |    951 |      0 |      0 |    809 |   1 |  951.0 |
               +--------+--------+--------+--------+--------+-----+--------+

Top non-repeatable levels by time:
     D:1: 951 daAuts
